 Dungeon Sprint DCSS version 0.30.1-8-g117510f58f (webtiles) character file.

Game seed: 15765433117918059172

376 Heoruswealwe the Spear-Bearer (level 6, -3/63 HPs)
             Began as a Minotaur Fighter on Sept 23, 2023.
             Was an Initiate of Gozag.
             Slain by a two-headed ogre
             ... wielding a +0 giant club
              (5 damage)
             ... in the Dungeon (Sprint IX: "|||||||||||||||||||||||||||||").
             The game lasted 00:03:58 (162 turns).

Heoruswealwe the Spear-Bearer (Minotaur Fighter)     Turns: 162, Time: 00:03:59

Health: -3/63      AC: 14    Str: 22    XL:     6   Next: 44%
Magic:  5/5        EV: 12    Int:  5    God:    Gozag
Gold:   0          SH:  0    Dex: 10    Spells: 5/5 levels left

rFire   . . .        b - +2 halberd (venom)
rCold   . . .        (shield currently unavailable)
rNeg    . . .        c - +1 scale mail
rPois   .            (helmet restricted)
rElec   .            h - +0 cloak
rCorr   .            f - +0 pair of gloves
SInv    .            (no boots)
Will    .....        (no amulet) Stlth
                     k - +2 ring of protection
HPRegen 0.30/turn    j - +2 ring of evasion
MPRegen 0.09/turn

%: no teleportation
@: gold aura
A: horns 2, retaliatory headbutt
a: Renounce Religion, Potion Petition, Call Merchant, Bribe Branch


You were in the Dungeon.
You worshipped Gozag.
Gozag was noncommittal.
You visited 1 branch

Inventory:

Hand Weapons
 a - a +0 trident
 b - a +2 halberd of venom (weapon)
Armour
 c - a +1 scale mail (worn)
 d - a +0 buckler
 f - a +0 pair of gloves (worn)
 h - a +0 cloak (worn)
Jewellery
 j - a +2 ring of evasion (right hand)
 k - a +2 ring of protection (left hand)
Wands
 o - a wand of quicksilver (10)
Scrolls
 p - 2 scrolls of blinking
Potions
 e - a potion of invisibility
 g - a potion of haste
 i - a potion of berserk rage
 l - a potion of might
 m - 4 potions of curing
 n - 2 potions of heal wounds


   Skills:
 + Level 9.1 Fighting
 * Level 11.9 Polearms
 + Level 9.1 Armour
 - Level 3.6 Shields


You had 5 spell levels left.
You didn't know any spells.
Your spell library was empty.

Dungeon Overview and Level Annotations

Branches:
Dungeon (1/1)

Altars:
Cheibriados
Dithmenos
Elyvilon
Fedhas
Gozag
Hepliaklqana
Kikubaaqudgha
Makhleb
Nemelex Xobeh
Okawaru
Qazlal
Ru
Sif Muna
Trog
Uskayaw
Vehumet
Wu Jian
Xom
Yredelemnul
Zin
The Shining One
Jiyva
Lugonu


Innate Abilities, Weirdness & Mutations

You have a pair of horns on your head.
You reflexively headbutt those who attack you in melee.


Message History

HP restored.
You open the door.
A steam dragon, 2 orc warriors, 2 two-headed ogres and a troll come into view.
The steam dragon hisses angrily.
The orc warrior shouts! x2
The two-headed ogre shouts in stereo! x2; The troll shouts!
You puncture the steam dragon!
The steam dragon is poisoned.
The steam dragon is moderately wounded.
The steam dragon breathes steam at you. The ball of steam hits you!
You puncture the steam dragon! You headbutt the steam dragon.
The steam dragon is severely wounded.
You are engulfed in a cloud of scalding steam.
The steam dragon barely misses you. The steam dragon claws you.
You puncture the steam dragon!
You kill the steam dragon!
Your Fighting skill increases to level 9!
Your Polearms skill increases to level 11!
Your Armour skill increases to level 9!
You have reached level 6!
You barely miss the orc warrior.
The orc warrior hits you with a +0 long sword.
You closely miss the orc warrior. Your headbutt misses the orc warrior.
You hit the orc warrior.
The orc warrior is lightly wounded.
You slash the two-headed ogre! You headbutt the two-headed ogre.
The two-headed ogre is moderately wounded.
You slash the two-headed ogre!
The two-headed ogre is poisoned.
The two-headed ogre is heavily wounded.
The two-headed ogre hits you with a +0 giant club!!
The two-headed ogre barely misses you.
You impale the two-headed ogre!!
The two-headed ogre looks as sick as possible!
The two-headed ogre is almost dead.
The troll is distracted by your dazzling golden aura.
The orc warrior is distracted by your dazzling golden aura.
The two-headed ogre hits you with a +0 giant club!!
* * * LOW HITPOINT WARNING * * *
The two-headed ogre hits you with a +0 giant club.
You die...
Your body crumbles into a pile of gold. $$$$$$ $$$$$ $ $ $ $$$$$ $ $ $ ▓▓▓▓▓▓▓▓▓▓▓▓▓▓▓▓▓▓▓▓▓▓▓▓ _______'!?)[....@OOooT.. ▓▓▓▓▓▓▓▓▓▓▓▓▓▓▓▓▓▓▓▓▓▓▓▓

You could see 2 two-headed ogres, a troll (unaware) and 2 orc warriors.

Vanquished Creatures
  A steam dragon (D)
  An ogre (D)
  A phantom (D)
  2 hounds (D)
  An iguana (D)
  A dart slug (D)
  A quokka (D)
  A ball python (D)
  2 rats (D)
11 creatures vanquished.

Notes
Turn   | Place    | Note
-------+----------+-------------------------------------------
     0 | D        | Heoruswealwe the Minotaur Fighter began the quest for the
                  | Orb.
     0 | D        | Reached XP level 1. HP: 19/19 MP: 0/0
     8 | D        | Reached skill level 3 in Polearms
    26 | D        | Noticed a hound
    26 | D        | Noticed an ogre
    26 | D        | Noticed a hound
    26 | D        | Noticed an iguana
    26 | D        | Noticed a phantom
    34 | D        | Killed a hound
    35 | D        | Reached skill level 5 in Fighting
    35 | D        | Reached skill level 5 in Polearms
    35 | D        | Reached skill level 5 in Armour
    35 | D        | Reached XP level 2. HP: 21/29 MP: 1/1
    35 | D        | Reached XP level 3. HP: 26/36 MP: 2/2
    41 | D        | Killed an ogre
    42 | D        | Reached skill level 8 in Polearms
    42 | D        | Reached XP level 4. HP: 19/45 MP: 3/3
    43 | D        | Reached skill level 9 in Polearms
    43 | D        | Reached XP level 5. HP: 22/52 MP: 4/4
    54 | D        | Killed a phantom
    55 | D        | Reached skill level 10 in Polearms
    61 | D        | Found a snail-covered altar of Cheibriados.
    61 | D        | Found a shadowy altar of Dithmenos.
    61 | D        | Found a white marble altar of Elyvilon.
    61 | D        | Found a blossoming altar of Fedhas.
    61 | D        | Found an opulent altar of Gozag.
    62 | D        | Found a hazy altar of Hepliaklqana.
    63 | D        | Found a viscous altar of Jiyva.
    64 | D        | Found an ancient bone altar of Kikubaaqudgha.
    65 | D        | Found a corrupted altar of Lugonu.
    66 | D        | Found a burning altar of Makhleb.
    67 | D        | Found a sparkling altar of Nemelex Xobeh.
    68 | D        | Found an iron altar of Okawaru.
    69 | D        | Became a worshipper of Gozag Ym Sagoz the Greedy
    70 | D        | Found a stormy altar of Qazlal.
    71 | D        | Found a sacrificial altar of Ru.
    72 | D        | Found a shimmering blue altar of Sif Muna.
    73 | D        | Found a bloodstained altar of Trog.
    74 | D        | Found a hide-covered altar of Uskayaw.
    75 | D        | Found a radiant altar of Vehumet.
    76 | D        | Found an ornate altar of the Wu Jian Council.
    77 | D        | Found a shimmering altar of Xom.
    78 | D        | Found a basalt altar of Yredelemnul.
    79 | D        | Found a glowing silver altar of Zin.
    80 | D        | Found a glowing golden altar of the Shining One.
   153 | D        | Noticed a steam dragon
   153 | D        | Noticed an orc warrior
   153 | D        | Noticed an orc warrior
   153 | D        | Noticed a two-headed ogre
   153 | D        | Noticed a two-headed ogre
   153 | D        | Noticed a troll
   156 | D        | Killed a steam dragon
   157 | D        | Reached skill level 11 in Polearms
   157 | D        | Reached XP level 6. HP: 53/63 MP: 5/5
   162 | D        | HP: 2/63 [two-headed ogre/+0 giant club (24)]
   162 | D        | Slain by a two-headed ogre

Illustrated notes

Levels and vault maps discovered:
D:        linesprint [early_d, line_temple, items_1, d_10, items_2, lair_1,
          lair_end, items_3, orc_1, orc_end, items_4, d_15, swamp_1, shoals_1,
          snake_1, spider_1, d_20, vaults_1, items_5, swamp_end, shoals_end,
          snake_end, spider_end, vaults_end, d_27, items_6, zot_1, zot_end,
          crypt_end, forest_end, elf_end, slime_end, tomb_end, abyss_end,
          pan_hell_end]

Skill      XL: |  1  2  3  4  5 |
---------------+----------------+-----
Fighting       | 5 6 7 9 |  9.1
Polearms       | 5 8 9 11 | 11.9
Armour         | 5 6 7 9 |  9.1
Shields        | |  3.6

Action                     |  1- 3 |  4- 6 || total
---------------------------+-------+-------++-------
  Melee: Trident           |    28 |    13 ||    41
         Headbutt          |     6 |     3 ||     9
         Halberd           |       |     9 ||     9
    Use: Potion            |     2 |       ||     2
 Armour: Scale mail        |    12 |     3 ||    15
  Dodge: Dodged            |    12 |     6 ||    18
  Block: Buckler           |     3 |     3 ||     6
